 Dungeon Crawl Stone Soup version 0.21.0-24-g2553a33 (webtiles) character file.

3343 pstr the Geomancer (level 10, -8/78 HPs)
             Began as a Naga Earth Elementalist on Jan 21, 2018.
             Mangled by a five-headed hydra (12 damage)
             ... on level 9 of the Dungeon.
             The game lasted 00:22:20 (8047 turns).

pstr the Geomancer (Naga Earth Elementalist)        Turns: 8047, Time: 00:22:20

Health: -8/78      AC: 12    Str:  7    XL:     10   Next: 2%
Magic:  32/39      EV:  9    Int: 27    God:
Gold:   342        SH:  4    Dex: 12    Spells: 13/24 levels left

rFire    . . .     SeeInvis +   O - +4 quarterstaff (chaos)
rCold    . . .     Gourm    .   (shield currently unavailable)
rNeg     . . .     Faith    .   E - +2 leather armour of the Shore {Regen+ Str-3 Int+8}
rPois    +         Spirit   .   J - +0 helmet
rElec    .         Reflect  +   P - +0 cloak
rCorr    .         Harm     .   G - +2 pair of gloves
MR       +....                  (no barding)
Stlth    +++.......             a - +4 amulet of reflection
HPRegen  0.63/turn              i - ring of magical power
MPRegen  0.26/turn              I - ring of magical power

@: about to teleport, very slow
A: large, see invisible, deformed body, poison resistance, slowness 2, slow
metabolism 1, spit poison 1, AC +3
a: Spit Poison


You were on level 9 of the Dungeon.
You were hungry.

You visited 1 branch of the dungeon, and saw 9 of its levels.

You collected 342 gold pieces.

Inventory:

Hand Weapons
 n - a -3 whip
 w - a +0 scythe of freezing
 O - a +4 quarterstaff of chaos (weapon)
Missiles
 b - 264 stones (quivered)
 B - 94 arrows
Armour
 c - a +0 robe
 C - a cursed +0 pair of gloves
 E - the +2 leather armour of the Shore (worn) {Regen+ Str-3 Int+8}
   (You found it on level 6 of the Dungeon)

   It affects your strength (-3).
   It affects your intelligence (+8).
   It increases your rate of regeneration.
 G - a +2 pair of gloves (worn)
 J - a +0 helmet (worn)
 P - a +0 cloak (worn)
Magical Staves
 N - an uncursed staff of conjuration
Jewellery
 a - a +4 amulet of reflection (around neck)
 i - a ring of magical power (left hand)
 I - a ring of magical power (right hand)
 M - an uncursed ring of protection from cold
Wands
 H - a wand of iceblast (9)
 K - a wand of random effects (45)
 L - a wand of flame (52)
Scrolls
 f - 7 scrolls of teleportation
 g - 3 scrolls of amnesia
 h - 5 scrolls of fog
 j - 3 scrolls of identify
 q - a scroll of immolation
 s - 2 scrolls of enchant weapon {unknown}
 y - 3 scrolls of enchant armour {unknown}
 z - a scroll of remove curse
 D - a scroll of fear {unknown}
 S - 2 scrolls of random uselessness {unknown}
Potions
 k - 4 potions of haste {unknown}
 l - 4 potions of curing
 m - a potion of invisibility {unknown}
 o - a potion of agility {unknown}
 p - 2 potions of berserk rage {unknown}
 r - 3 potions of lignification {unknown}
 t - a potion of flight {unknown}
 u - a potion of mutation {unknown}
 x - 2 potions of cancellation {unknown}
 A - 3 potions of degeneration {unknown}
 F - a potion of magic {unknown}
 R - 2 potions of might {unknown}
Books
 e - a book of Geomancy

   Spells                             Type                      Level
   a - Sandblast                      Earth                        1
   b - Passwall                       Transmutation/Earth          2
   c - Stone Arrow                    Conjuration/Earth            3
   d - Petrify                        Transmutation/Earth          4
   e - Lee's Rapid Deconstruction     Earth                        5
 v - a book of Changes

   Spells                             Type                      Level
   a - Beastly Appendage              Transmutation                1
   b - Sticks to Snakes               Transmutation                2
   c - Spider Form                    Transmutation/Poison         3
   d - Ice Form                       Ice/Transmutation            4
   e - Blade Hands                    Transmutation                5
Comestibles
 d - 12 rations


   Skills:
 + Level 1.1 Fighting
 + Level 0.9 Maces & Flails
 + Level 0.6 Polearms
 + Level 2.0 Armour
 + Level 2.3 Dodging
 + Level 5.0 Stealth
 + Level 7.7 Spellcasting
 + Level 6.0 Conjurations
 + Level 1.0 Transmutations
 + Level 8.5 Earth Magic


You had 13 spell levels left.
You knew the following spells:

 Your Spells              Type           Power        Failure   Level  Hunger
a - Sandblast             Erth           ######       1%          1    None
b - Stone Arrow           Conj/Erth      #####.       1%          3    None
c - Lee's Rapid Deconstr  Erth           ######....   6%          5    ####...
d - Sticks to Snakes      Tmut           ###.....     8%          2    None


Dungeon Overview and Level Annotations

Branches:
Dungeon (9/15)             Temple (0/1) D:5
   Lair: D:8-11         Orc: D:9-12

Altars:
Ashenzari
Elyvilon
Gozag
Makhleb
Qazlal
Trog
Uskayaw
Wu Jian
Zin

Shops:
D:9 *


Innate Abilities, Weirdness & Mutations

You cannot wear boots.
Your serpentine skin is tough. (AC +3)
You have supernaturally acute eyesight. (SInv)
Armour fits poorly on your strangely shaped body.
Your system is resistant to poisons. (rPois)
You cover ground very slowly.
You have a slow metabolism.
You can spit poison.


Message History

You block the five-headed hydra's attack.
The five-headed hydra barely misses you.
The five-headed hydra bites you!
The five-headed hydra completely misses you.
The five-headed hydra bites you!
* * * LOW HITPOINT WARNING * * *
You block the five-headed hydra's attack.
The five-headed hydra bites you but does no damage.
The five-headed hydra bites you.
* * * LOW HITPOINT WARNING * * *
The five-headed hydra closely misses you.
It was a potion of curing.
You feel better.
The five-headed hydra bites you but does no damage.
The five-headed hydra bites you.
* * * LOW HITPOINT WARNING * * *
The five-headed hydra closely misses you.
The five-headed hydra bites you!
* * * LOW HITPOINT WARNING * * *
The five-headed hydra bites you!
You die...

#..≈.⌠.⌠.≈# #####≈.((..≈#
#....≈≈((.≈≈# ####+##
#.....≈._.≈.#
.......###.....≈...≈.#
.....D†'.#.....≈≈.≈≈.#...
.......#.#...............
.......#.#...>....####...
.......#.'D@.....## ...
.$.....###.......# ##
....... ###)##### #+#####
#<..# ###+#


You could see a five-headed hydra.

Vanquished Creatures
  Joseph (D:7)
  A hippogriff (D:6)
  Sigmund (D:3)
  The ghost of Nanban the Sneak, an amateur SpMo (D:5)
  Duvessa (D:7)
  The ghost of Nanban the Ducker, an amateur SpMo (D:4)
  A phantom (D:7)
  3 orc warriors
  4 ogres
  2 ice beasts
  An eye of draining (D:8)
  A centaur (D:5)
  Dowan (D:7)
  3 scorpions
  A water moccasin skeleton (D:8)
  2 crimson imps
  3 jellies
  A quasit (D:7)
  3 hounds
  Crazy Yiuf (D:7)
  A bullfrog skeleton (D:8)
  An orc priest (D:8)
  A gnoll shaman (D:6)
  4 orc wizards
  6 worker ants
  A hound skeleton (D:6)
  20 gnolls
  A howler monkey skeleton (D:8)
  9 adders
  A shadow imp (D:8)
  An adder zombie (D:5)
  4 worms
  4 dart slugs
  3 leopard geckos
  13 orcs
  4 giant cockroaches
  5 goblins
  5 hobgoblins
  10 jackals
  4 quokkas
  5 bats
  6 frilled lizards
  7 kobolds
  A quokka skeleton (D:6)
  10 rats
160 creatures vanquished.

Notes
Turn   | Place    | Note
-------+----------+-------------------------------------------
     0 | D:1      | pstr the Naga Earth Elementalist began the quest for the Orb.
     0 | D:1      | Reached XP level 1. HP: 15/15 MP: 3/3
   271 | D:1      | Reached XP level 2. HP: 19/22 MP: 0/5
   658 | D:1      | You fall through a shaft!
   815 | D:2      | Reached XP level 3. HP: 28/28 MP: 6/6
   822 | D:2      | Reached skill level 4 in Earth Magic
   894 | D:2      | Reached XP level 4. HP: 29/36 MP: 7/7
  1025 | D:2      | Learned a level 3 spell: Stone Arrow
  1196 | D:2      | Found a bloodstained altar of Trog.
  1196 | D:2      | Found an ornate altar of the Wu Jian Council.
  1196 | D:2      | Found a stormy altar of Qazlal.
  1375 | D:2      | Reached XP level 5. HP: 42/42 MP: 6/9
  2569 | D:3      | Found a shattered altar of Ashenzari.
  2765 | D:3      | Noticed Sigmund
  2770 | D:3      | Killed Sigmund
  2770 | D:3      | Reached skill level 1 in Conjurations
  2770 | D:3      | Reached skill level 5 in Earth Magic
  2770 | D:3      | Reached XP level 6. HP: 21/49 MP: 6/11
  3325 | D:4      | Noticed Nanban's ghost (amateur SpMo)
  3331 | D:4      | Killed Nanban's ghost
  3331 | D:4      | Reached XP level 7. HP: 52/55 MP: 7/13
  3464 | D:4      | Reached skill level 1 in Fighting
  3552 | D:4      | Found a white marble altar of Elyvilon.
  3716 | D:4      | Found a bloodstained altar of Trog.
  3906 | D:5      | Entered Level 5 of the Dungeon
  3952 | D:5      | Found a bloodstained altar of Trog.
  4361 | D:5      | Found a staircase to the Ecumenical Temple.
  4419 | D:5      | Reached XP level 8. HP: 62/64 MP: 14/15
  4441 | D:5      | Noticed Nanban's ghost (amateur SpMo)
  4451 | D:5      | Killed Nanban's ghost
  4451 | D:5      | Reached skill level 5 in Spellcasting
  4451 | D:5      | Reached skill level 6 in Earth Magic
  5336 | D:6      | Learned a level 5 spell: Lee's Rapid Deconstruction
  5339 | D:6      | Learned a level 2 spell: Sticks to Snakes
  5477 | D:6      | Noticed a hippogriff
  5484 | D:6      | Killed a hippogriff
  5484 | D:6      | Reached skill level 7 in Earth Magic
  5512 | D:6      | Reached XP level 9. HP: 51/70 MP: 4/18
  5884 | D:6      | Got a faintly humming leather armour
  5895 | D:6      | Identified the +2 leather armour of the Shore {Regen+ Str-3 Int+8} (You found it on level 6 of the Dungeon)
  6250 | D:6      | Reached skill level 5 in Conjurations
  6385 | D:7      | Noticed Duvessa
  6385 | D:7      | Noticed Dowan
  6389 | D:7      | Killed Duvessa
  6394 | D:7      | Killed Dowan
  6406 | D:7      | Noticed Joseph
  6412 | D:7      | Killed Joseph
  6545 | D:7      | Found a hide-covered altar of Uskayaw.
  6782 | D:7      | Reached skill level 8 in Earth Magic
  6941 | D:7      | Found a runed door.
  7218 | D:7      | Noticed Crazy Yiuf
  7219 | D:7      | Killed Crazy Yiuf
  7345 | D:8      | Reached skill level 5 in Stealth
  7580 | D:8      | Found a glowing silver altar of Zin.
  7580 | D:8      | Found a burning altar of Makhleb.
  7581 | D:8      | Noticed an Executioner
  7581 | D:8      | Noticed an angel
  7586 | D:8      | Reached skill level 1 in Armour
  7827 | D:8      | Reached XP level 10. HP: 78/78 MP: 3/21
  7987 | D:9      | Found an opulent altar of Gozag.
  7991 | D:9      | Found Gozag's Platinum Reserve.
  8035 | D:9      | Noticed a five-headed hydra
  8047 | D:9      | Mangled by a five-headed hydra

Skill      XL: |  1  2  3  4  5  6  7  8  9 10 |
---------------+-------------------------------+-----
Earth Magic    | 4 5 7 8 |  8.5
Spellcasting   | 3 4 6 7 |  7.7
Conjurations   | 1 2 3 4 6 |  6.0
Fighting       | 1 |  1.1
Dodging        | 2 |  2.3
Stealth        | 4 5 |  5.0
Armour         | 1 2 |  2.0
Maces & Flails | |  0.9
Polearms       | |  0.6
Transmutations | |  1.0

Action                   |  1- 3 |  4- 6 |  7- 9 | 10-12 || total
-------------------------+-------+-------+-------+-------++-------
Melee: Whip              |       |     9 |       |       ||     9
       Scythe            |       |     1 |     3 |       ||     4
 Cast: Sandblast         |    32 |    18 |     6 |     1 ||    57
       Stone Arrow       |       |    57 |   134 |     6 ||   197
       Lee's Rapid Decon |       |       |     7 |     1 ||     8
 Abil: Spit Poison       |     7 |     4 |     6 |     2 ||    19
  Use: Scroll            |       |     6 |       |     1 ||     7
       Potion            |       |       |       |     1 ||     1
  Eat: Chunk             |       |    10 |    15 |       ||    25
       Ration            |       |     1 |     1 |       ||     2
Armor: Robe              |       |     9 |     7 |       ||    16
       Leather armour    |       |       |     9 |     6 ||    15
Dodge: Dodged            |     9 |    19 |    12 |    11 ||    51
Block: Other             |     2 |     5 |     7 |     4 ||    18
       Reflection        |     1 |     1 |       |       ||     2
